 Dungeon Crawl Stone Soup version 0.31-a0-868-g674d60d6f7 (webtiles) character file.

Game seed: 1791868000087412245

84 LeprechaunX the Changeling (level 4, -2/29 HPs)
             Began as an Octopode Shapeshifter on Oct 12, 2023.
             Slain by an orc
             ... wielding a +0 flail
              (11 damage)
             ... on level 3 of the Dungeon.
             The game lasted 00:01:51 (1672 turns).

LeprechaunX the Changeling (Octopode Shapeshifter)  Turns: 1672, Time: 00:01:52

Health: -2/29      AC:  1    Str: 15    XL:     4   Next: 45%
Magic:  4/4        EV: 13    Int: 12    God:
Gold:   113        SH:  0    Dex: 11    Spells: 3/3 levels left

rFire   . .          .
                       - Unarmed
rCold   . . .        (no shield)
rNeg    . . .        (helmet currently unavailable)
rPois   .            (no amulet)
rElec   .            (no ring)
rCorr   .            (no ring)
SInv    .            (no ring)
Will    .....        (no ring)
Stlth   ++           (no ring)
HPRegen 0.24/turn    (no ring)
MPRegen 0.09/turn    (no ring)
                     (no ring)

%: no passive effects
@: beast-form
A: beast (slay +2), almost no armour, amphibious, 8 rings, camouflage 1,
gelatinous body 1, (nimble swimmer 1), tentacles
a: Begin Untransformation


You were on level 3 of the Dungeon.
You were a hulking beast.
You visited 1 branch of the dungeon, and saw 3 of its levels.

You collected 113 gold pieces.

Inventory:

Talismans
 b - a beast talisman (active)
 c - a flux talisman
Wands
 l - a wand of iceblast (8)
Scrolls
 d - 2 scrolls of fog {unknown}
 f - a scroll of revelation {unknown}
 g - 2 scrolls of blinking {unknown}
 h - 2 scrolls of immolation {unknown}
 i - 2 scrolls of identify {unknown}
 j - a scroll of fear {unknown}
 k - a scroll of vulnerability {unknown}
 m - a scroll of summoning {unknown}
Potions
 a - a potion of lignification
 e - a potion of magic {unknown}
 n - a potion of brilliance {unknown}
 o - a potion of degeneration {unknown}


   Skills:
 + Level 2.0 Fighting
 + Level 2.6 Dodging
 + Level 3.5 Unarmed Combat
 * Level 3.8 Shapeshifting


You had 3 spell levels left.
You didn't know any spells.
Your spell library contained the following spells:

 Spells                   Type           Power      Damage    Failure   Level
 Brom's Barrelling Bould  Conj/Erth      0%         2d3       97%         4
 Fireball                 Conj/Fire      0%         3d3       100%        5
 Iskenderun's Battlesphe  Conj           0%         2d6       100%        5
 Conjure Ball Lightning   Conj/Air       0%         3x3d6     100%        6
 Orb of Destruction       Conj           0%         9d5       100%        7


Dungeon Overview and Level Annotations

Branches:
Dungeon (3/15)

Altars:


Innate Abilities, Weirdness & Mutations

You are a hulking beast.
Your limbs bulge with bestial killing power. (Slay +2)
You cannot wear most types of armour.
You are amphibious.
You can wear up to eight rings at the same time.
Your skin changes colour to match your surroundings (Stealth+).
Your rubbery body absorbs attacks. (AC +1, EV +1)
((You are camouflaged when in or above water. (Stealth+)))
You have tentacles for arms and can constrict up to eight enemies at once.


Message History

The orc shouts!
You swing at nothing.
You swing at nothing.
You swing at nothing.
You closely miss the orc. You grab the orc. You constrict the orc.
The orc hits you with a +0 club.
An orc comes into view. It is wielding a +0 flail.
The orc shouts!
You tentacle-slap the orc. You squeeze the orc.
You kill the orc!
You swing at nothing.
You tentacle-slap the orc but do no damage.
You grab the orc.
You constrict the orc, but do no damage.
The orc escapes!
You tentacle-slap the orc. You grab the orc. You squeeze the orc.
The orc is almost dead.
You constrict the orc, but do no damage.
The orc completely misses you. The orc closely misses you.
You tentacle-slap the orc but do no damage.
You squeeze the orc.
You kill the orc!
You tentacle-slap the orc. You grab the orc.
The orc is heavily wounded.
You constrict the orc, but do no damage.
The orc misses you.
You tentacle-slap the orc.
The orc is severely wounded.
You constrict the orc, but do no damage.
The orc hits you with a +1 falchion of holy wrath!
You tentacle-slap the orc but do no damage.
Your grab misses the orc. Your squeeze misses the orc. You constrict the orc.
You kill the orc!
The orc hits you with a +0 flail!
* * * LOW HITPOINT WARNING * * *
Your Fighting skill increases to level 2!
You tentacle-slap the orc. You grab the orc.
The orc is moderately wounded.
You constrict the orc. The orc hits you with a +0 flail!
You die...

#..........###.........#
.....#..######.......<.#
.........## #..........#
##.#......###..........#
#.#......#............#
##.....)...............#
..................######
##......###.......#
#....#h)##.#.##..#
...#.###o#>.#....###
...#.#..S...###....###
.. .......### ##.#...###
....).##.## ##.###...#
...So. ....##.....##..
...... ........>)..##.
..... .............#
#...o .............#


You could see an adder and an orc.

Vanquished Creatures
  5 dart slugs
  A worm (D:2)
  3 orcs (D:3)
  8 ball pythons
  4 endoplasms (D:2)
  4 giant cockroaches
  6 goblins
  4 hobgoblins (D:2)
  4 quokkas
  10 bats
  4 frilled lizards
  3 kobolds
  8 rats
64 creatures vanquished.

Notes
Turn   | Place    | Note
-------+----------+-------------------------------------------
     0 | D:1      | LeprechaunX the Octopode Shapeshifter began the quest for
                  | the Orb.
     0 | D:1      | Reached XP level 1. HP: 13/13 MP: 1/1
    57 | D:1      | Reached XP level 2. HP: 17/18 MP: 2/2
   125 | D:1      | Found a faded altar of an unknown god.
   258 | D:1      | Reached XP level 3. HP: 20/23 MP: 3/3
  1088 | D:2      | Reached XP level 4. HP: 27/29 MP: 4/4
  1672 | D:3      | Slain by an orc

Illustrated notes

Levels and vault maps discovered:
D:1:      heliophobic_arrival_henge, layout_rooms,
          shapermc_ecumenical_altar_mp_ritualfount, serial_bayou_ford_a
D:2:      minmay_razor_zed, layout_basic, minmay_goblin_kobold_house
D:3:      layout_rooms, minmay_misc_feat_tiny

Skill      XL: |  1  2  3  4 |
---------------+-------------+-----
Fighting       | 2 |  2.0
Dodging        | |  2.6
Unarmed Combat | |  3.5
Shapeshifting  | |  3.8

Action                     |  1- 3 |  4- 6 || total
---------------------------+-------+-------++-------
  Melee: Unarmed           |    75 |    35 ||   110
         Constrict         |    21 |    10 ||    31
         Tentacles         |    16 |     8 ||    24
         Punch             |     1 |       ||     1
   Stab: Sleeping          |     6 |     1 ||     7
         Distracted        |     1 |       ||     1
 Armour: Skin              |    26 |    12 ||    38
  Dodge: Dodged            |    38 |    16 ||    54

Table legend: (Time is in decaauts)
 A = Elapsed time spent in this place.
 B = Non-inter-level travel time spent in this place.
 C = Inter-level travel time spent in this place.
 D = Time resting spent in this place.
 E = Time spent auto-exploring this place.
 F = Levels seen in this place.
 G = Mean time per level.
                   A        B        C        D        E       F      G
               +--------+--------+--------+--------+--------+-----+--------+
         Total |   1663 |   1605 |     58 |      0 |   1292 |   3 |  554.3 |
       Dungeon |   1663 |   1605 |     58 |      0 |   1292 |   3 |  554.3 |
               +--------+--------+--------+--------+--------+-----+--------+

Top non-repeatable levels by time:
     D:2: 905 daAuts
     D:1: 675 daAuts
     D:3: 82 daAuts
